 Dungeon Crawl Stone Soup version 0.25.1-9-gc5326a611f (webtiles) character file.

Game seed: 8590145648002078406

2375 melloss the Covert (level 9, -8/39 HPs)
             Began as a Spriggan Enchanter on Dec 22, 2020.
             Was a Follower of Kikubaaqudgha.
             Killed by divine providence
             ... invoked by an orc priest
              (14 damage)
             ... on level 8 of the Dungeon.
             The game lasted 00:33:55 (8934 turns).

melloss the Covert (Spriggan Enchanter)             Turns: 8934, Time: 00:33:56

Health: -8/39      AC:  2    Str:  4    XL:     9   Next: 21%
Magic:  10/16      EV: 23    Int: 18    God:    Kikubaaqudgha [*.....]
Gold:   340        SH:  0    Dex: 18    Spells: 13/16 levels left

rFire    + . .     SeeInvis +   u - +0 rapier (venom)
rCold    . . .     Gourm    .   (shield restricted)
rNeg     . . .     Faith    .   b - +0 robe
rPois    .         Spirit   .   (helmet restricted)
rElec    .         Reflect  .   r - scarf {repulsion}
rCorr    .         Harm     .   (gloves unavailable)
MR       +....                  (boots unavailable)
Stlth    ++++......             (no amulet)
HPRegen  0.13/turn              l - ring of protection from fire
MPRegen  0.15/turn              s - +4 ring of evasion

@: repel missiles, very quick
A: very small, unfitting armour, see invisible, herbivore, speed 3, slow
metabolism 2
a: Receive Corpses, Renounce Religion


You were on level 8 of the Dungeon.
You worshipped Kikubaaqudgha.
Kikubaaqudgha was aware of your devotion.
You were hungry.

You visited 2 branches of the dungeon, and saw 9 of its levels.

You collected 340 gold pieces.

Inventory:

Hand Weapons
 a - a +1 dagger
 c - a -2 quarterstaff
 u - a +0 rapier of venom (weapon)
 v - a +2 whip of venom
Missiles
 n - 43 poisoned darts (quivered)
Armour
 b - a +0 robe (worn)
 i - a +0 cloak
 r - a scarf of repulsion (worn)
Jewellery
 l - a ring of protection from fire (left hand)
 s - a +4 ring of evasion (right hand)
Wands
 k - a wand of enslavement (6)
 o - a wand of digging (3)
Scrolls
 e - 3 scrolls of amnesia
 f - 4 scrolls of teleportation
 g - a scroll of magic mapping
 h - a scroll of immolation {unknown}
 j - 2 scrolls of remove curse
 m - 7 scrolls of identify
 p - 2 scrolls of blinking {unknown}
 t - a scroll of enchant weapon {unknown}
 w - a scroll of random uselessness {unknown}
Potions
 q - 2 potions of haste {unknown}
Comestibles
 d - 5 rations


   Skills:
 + Level 0.3 Fighting
 - Level 5.0 Short Blades
 + Level 3.2 Dodging
 - Level 8.0 Stealth
 - Level 4.0 Spellcasting
 - Level 8.0 Hexes
 - Level 7.0 Ice Magic


You had 13 spell levels left.
You knew the following spells:

 Your Spells              Type           Power        Failure   Level  Hunger
a - Corona                Hex            ####...      1%          1    None
b - Ensorcelled Hibernat  Hex/Ice        ####..       1%          2    ##.....

Your spell library contained the following spells:

 Spells                   Type           Power        Failure   Level  Hunger
 Confusing Touch          Hex            ####....     1%          3    ###....
 Tukima's Dance           Hex            ####....     1%          3    ###....
 Dazzling Flash           Conj/Hex       ###...       9%          3    ###....
 Animate Skeleton         Necr           N/A          14%         1    None
 Pain                     Necr           #...         14%         1    None
 Sublimation of Blood     Necr           #.........   22%         2    ##.....
 Vampiric Draining        Necr           #.........   41%         3    ###....


Dungeon Overview and Level Annotations

Branches:
Dungeon (8/15)             Temple (1/1) D:4
   Lair: D:8-11

Altars:
Ashenzari
Cheibriados
Dithmenos
Elyvilon
Fedhas
Gozag
Hepliaklqana
Kikubaaqudgha
Makhleb
Nemelex Xobeh
Okawaru
Qazlal
Ru
Sif Muna
Trog
Uskayaw
Vehumet
Wu Jian
Xom
Yredelemnul
Zin
The Shining One

Shops:
D:7 ?

Annotations:
D:6 Grinder
D:8 3 runed translucent doors, Tarl's ghost, novice MiGl


Innate Abilities, Weirdness & Mutations

You are very small and have problems with some larger weapons.
You are too small for most types of armour.
You have supernaturally acute eyesight. (SInv)
You are a herbivore.
You cover ground extremely quickly.
You need to consume almost no food.


Message History

Kikubaaqudgha accepts your kill.
Casting: Ensorcelled Hibernation (safe; 1% risk of failure)
Confirm with . or Enter, or press ? or * to list all spells.
Aiming: Ensorcelled Hibernation (safe; 1% risk of failure)
Press: ? - help, Shift-Dir - straight line, f - orc priest
Aim: an orc priest, wielding a +0 flail (chance to defeat MR: 59%)
The orc priest resists with significant effort.
The orc priest completely misses you. The orc completely misses you.
The cyclops hits you!!
* * * LOW HITPOINT WARNING * * *
Casting: Ensorcelled Hibernation (safe; 1% risk of failure)
Confirm with . or Enter, or press ? or * to list all spells.
Aiming: Ensorcelled Hibernation (safe; 1% risk of failure)
Press: ? - help, Shift-Dir - straight line, f/p - orc priest
Aim: an orc priest, wielding a +0 flail (chance to defeat MR: 59%)
The orc priest looks drowsy...
The orc closely misses you. x2
The orc priest mumbles some strange prayers to Beogh against you.
Beogh smites you!
You die...
Kikubaaqudgha rasps: "You have failed me!
Welcome... death!"

...##.##.##
#.#######
####...##(.#
#........
#.....!...#
#########
#.)(......#
#....o..W.#
#(....o...#
#......)..#
#######
#(...Coo.)#
#......
#(.(oo@...#
#.#####
#....)....#
#.#
#........(#
#.#
##...####.#
#.# #... .#
#.# ###. ##
#.# #. #.#
#.# #.#


You could see a cyclops, a hungry ghost, 2 orc priests and 4 orcs.

Vanquished Creatures
  A two-headed ogre (D:8)
  Sigmund (D:2)
  An ice beast (D:5)
  A sky beast (D:5)
  An ogre (D:5)
  A centaur (D:8)
  5 bullfrogs
  2 scorpions
  5 killer bees
  A bullfrog zombie (D:6)
  A howler monkey (D:5)
  A hound (D:4)
  2 orc priests (D:4)
  A jelly (D:5)
  3 orc wizards
  A centaur skeleton (D:5)
  An iguana (D:4)
  2 worker ants
  2 worker ant zombies
  12 adders
  2 adder skeletons
  5 worms
  3 dart slugs
  2 leopard geckos
  12 orcs
  6 bats
  6 giant cockroaches
  6 goblins
  7 hobgoblins
  4 kobolds
  4 quokkas
  A ball python (D:1)
  5 frilled lizards
  2 quokka skeletons
  4 rats
114 creatures vanquished.

Vanquished Creatures (collateral kills)
  A leopard gecko (D:1)
  A hobgoblin (D:1)
2 creatures vanquished.

Vanquished Creatures (others)
  4 plants (D:8)
4 creatures vanquished.

Grand Total: 120 creatures vanquished

Notes
Turn   | Place    | Note
-------+----------+-------------------------------------------
     0 | D:1      | melloss the Spriggan Enchanter began the quest for the Orb.
     0 | D:1      | Reached XP level 1. HP: 9/9 MP: 5/5
   406 | D:1      | Reached XP level 2. HP: 9/13 MP: 6/6
   416 | D:1      | Reached skill level 5 in Stealth
  1437 | D:2      | Noticed Sigmund
  2060 | D:1      | Learned a level 2 spell: Ensorcelled Hibernation
  2070 | D:1      | Reached XP level 3. HP: 16/16 MP: 5/8
  2998 | D:2      | Found a basalt altar of Yredelemnul.
  2998 | D:2      | Found a shattered altar of Ashenzari.
  3302 | D:2      | Killed Sigmund
  3302 | D:2      | Reached XP level 4. HP: 6/21 MP: 6/9
  3302 | D:2      | Reached XP level 5. HP: 7/24 MP: 6/10
  4058 | D:3      | Found a bloodstained altar of Trog.
  4058 | D:3      | Found an iron altar of Okawaru.
  4251 | D:3      | Reached XP level 6. HP: 28/28 MP: 11/11
  4622 | D:3      | Reached skill level 5 in Short Blades
  4941 | D:4      | Reached skill level 1 in Ice Magic
  5083 | D:4      | Found a staircase to the Ecumenical Temple.
  5162 | D:4      | HP: 1/28 [orc (4)]
  5709 | Temple   | Entered the Ecumenical Temple
  5811 | Temple   | Became a worshipper of Kikubaaqudgha
  5948 | D:4      | Reached XP level 7. HP: 32/32 MP: 8/13
  6301 | D:5      | Entered Level 5 of the Dungeon
  6381 | D:5      | Reached skill level 5 in Hexes
  6912 | D:5      | Noticed a shadow
  6913 | D:5      | Found a shadowy altar of Dithmenos.
  6914 | D:5      | Found a hazy altar of Hepliaklqana.
  7003 | D:6      | Reached XP level 8. HP: 36/36 MP: 15/15
  7439 | D:5      | Reached skill level 5 in Ice Magic
  7753 | D:6      | Reached * piety under Kikubaaqudgha
  7753 | D:6      | Identified Kikubaaqudgha's Collected Works on Evil
                  | (Kikubaaqudgha gifted it to you on level 6 of the Dungeon)
  7753 | D:6      | Received a gift from Kikubaaqudgha
  8130 | D:6      | Noticed Grinder
  8336 | D:7      | Found Tudi's Magic Scroll Shop.
  8631 | D:8      | Found a runed translucent gate.
  8631 | D:8      | Found a runed translucent gate.
  8632 | D:8      | Found a runed translucent gate.
  8633 | D:8      | Noticed a ten-headed hydra
  8634 | D:8      | Noticed Tarl's ghost (novice MiGl)
  8778 | D:8      | Noticed a two-headed ogre
  8788 | D:8      | Killed a two-headed ogre
  8788 | D:8      | Reached XP level 9. HP: 39/39 MP: 16/16
  8876 | D:8      | Noticed a cyclops
  8934 | D:8      | Killed from afar by an orc priest

Illustrated notes

Levels and vault maps discovered:
D:1:      sevenhm_arrival_forest_fort_small_3, layout_basic
D:2:      layout_basic, grunt_temple_overflow_open, hex_large,
          minmay_pentomino_q4, uniq_sigmund
D:3:      layout_basic, gammafunk_temple_overflow_wave
D:4:      layout_rooms, minmay_temple_entry_trees, first_ration
D:5:      layout_basic, riverfiend_overflow_shadow_ancestor
D:6:      layout_basic, uniq_grinder, uniq_crazy_yiuf_cottage
D:7:      layout_gridville, serial_shops, kennysheep_mini, grunt_livestock
D:8:      layout_loops_ring, gammafunk_ghost_hydra_chop, serial_shops, shop,
          minmay_sticks_and_stones
Temple:   eino_temple_rhombus

Skill      XL: |  1  2  3  4  5  6  7  8 |
---------------+-------------------------+-----
Stealth        | 5 7 8 |  8.0
Short Blades   | 2 4 5 |  5.0
Spellcasting   | 3 4 |  4.0
Ice Magic      | 2 4 7 |  7.0
Hexes          | 4 5 8 |  8.0
Fighting       | |  0.3
Dodging        | |  3.2

Action                   |  1- 3 |  4- 6 |  7- 9 || total
-------------------------+-------+-------+-------++-------
Melee: Dagger            |   165 |   124 |     1 ||   290
       Rapier            |       |       |   150 ||   150
Throw: Dart              |     7 |       |    16 ||    23
 Cast: Ensorcelled Hiber |    17 |    37 |    21 ||    75
       Corona            |       |       |     1 ||     1
Evoke: Wand              |       |       |     1 ||     1
  Use: Potion            |     2 |       |       ||     2
       Scroll            |       |       |     4 ||     4
 Stab: Sleeping          |    17 |    24 |    26 ||    67
       Distracted        |     1 |       |     1 ||     2
  Eat: Ration            |     1 |     2 |     3 ||     6
Armor: Robe              |    26 |     8 |     4 ||    38
Dodge: Dodged            |   168 |   101 |   159 ||   428
